[ AOE2 MATCH · #505624416 ]
UnrankedSpanish vs Persians
Player's team · WIN
Rival team · LOSS
[ REPLAY ANALYSIS · EXTRACTED FROM THE RECORDED GAME ]
Feudal
13:46
Castle
—
Imperial
—
| APM avg | 46.2 |
| APM peak | 78 |
| eAPM avg | 21.9 |
| Villagers / military | 49 / 4 |
Focus
⚔️ 30.9% · 🌾 69.1%
Archer ×4
Feudal
16:43
Castle
20:32
Imperial
—
| APM avg | 45.5 |
| APM peak | 107 |
| eAPM avg | 23.7 |
| Villagers / military | 39 / 0 |
Focus
⚔️ 30.4% · 🌾 69.6%
Match map
Initial resources + every placement click. Lines = walls · curves = elevation contours. ◆ gold · ⬟ stone · ● berries · ✦ relic · ◌ wall gap
Your base· ✓ Closed at 12:00 · 37t walls · 1 gate(s)
ClearDistortion's base· ✓ Closed at 20:32 · 72t walls · 3 gate(s)
Smoothed initial terrain · ◌ = detected wall gap · hover for details
Inputs per minute
— maxymczech - - ClearDistortion
Build order — maxymczech
107 actions detected in the replay
| 0:00 | Research | Loom |
| 0:07 | Build | House |
| 0:08 | Build | House |
| 0:18 | Queue | Villager (Male) ×4 |
| 0:18 | Queue | Villager (Male) ×4 |
| 1:34 | Build | Palisade Wall |
| 3:15 | Queue | Villager (Male) |
| 3:21 | Build | Palisade Wall |
| 3:39 | Build | Palisade Wall |
| 4:13 | Queue | Villager (Male) |
| 4:13 | Queue | Villager (Male) |
| 4:47 | Queue | Villager (Male) |
| 4:47 | Queue | Villager (Male) |
| 5:04 | Build | House |
| 5:12 | Queue | Villager (Male) |
| 5:12 | Queue | Villager (Male) |
| 5:40 | Queue | Villager (Male) |
| 5:59 | Build | House |
| 6:14 | Build | Palisade Gate |
| 6:21 | Queue | Villager (Male) |
| 6:21 | Queue | Villager (Male) |
| 6:22 | Queue | Villager (Male) |
| 6:22 | Queue | Villager (Male) |
| 6:46 | Queue | Villager (Male) |
| 6:46 | Queue | Villager (Male) |
| 7:14 | Build | Palisade Wall |
| 7:20 | Queue | Villager (Male) |
| 7:21 | Queue | Villager (Male) |
| 7:32 | Build | Palisade Wall |
| 7:45 | Build | Lumber Camp |
| 7:50 | Queue | Villager (Male) |
| 8:09 | Queue | Villager (Male) |
| 9:05 | Queue | Villager (Male) |
| 9:11 | Build | House |
| 9:12 | Build | House |
| 9:53 | Build | Palisade Wall |
| 10:06 | Queue | Villager (Male) |
| 10:08 | Build | Palisade Wall |
| 10:11 | Build | Mill |
| 10:19 | Build | Mill |
| 10:50 | Queue | Villager (Male) |
| 11:23 | Build | Mining Camp |
| 11:36 | Research | Feudal Age |
| 11:36 | Research | Feudal Age |
| 11:36 | Research | Feudal Age |
| 12:42 | Build | Palisade Wall |
| 12:56 | Build | House |
| 12:58 | Build | House |
| 13:27 | Build | Barracks |
| 13:34 | Queue | Villager (Male) |
| 13:34 | Queue | Villager (Male) |
| 13:46 | Age | Feudal Age |
| 13:50 | Build | Watch Tower |
| 13:57 | Research | Town Watch |
| 14:00 | Queue | Villager (Male) |
| 14:01 | Queue | Villager (Male) |
| 14:15 | Research | Double-Bit Axe |
| 14:15 | Research | Double-Bit Axe |
| 14:47 | Build | House |
| 14:51 | Build | Palisade Wall |
| 14:53 | Build | Palisade Wall |
| 14:55 | Build | Palisade Wall |
| 15:05 | Queue | Villager (Male) |
| 15:05 | Queue | Villager (Male) |
| 15:19 | Build | Outpost |
| 15:29 | Queue | Villager (Male) |
| 15:33 | Build | House |
| 15:41 | Build | Watch Tower |
| 15:49 | Build | Palisade Wall |
| 16:05 | Build | Palisade Wall |
| 16:14 | Build | Palisade Wall |
| 16:19 | Queue | Villager (Male) |
| 16:34 | Build | Palisade Wall |
| 16:39 | Queue | Villager (Male) |
| 16:42 | Build | Archery Range |
| 17:00 | Build | Lumber Camp |
| 17:12 | Queue | Archer |
| 17:19 | Queue | Villager (Male) |
| 17:19 | Queue | Villager (Male) |
| 17:20 | Queue | Villager (Male) |
| 17:31 | Build | Mining Camp |
| 17:36 | Build | Farm |
| 17:47 | Build | Watch Tower |
| 18:02 | Queue | Archer |
| 18:10 | Queue | Villager (Male) |
| 18:15 | Build | Market |
| 18:44 | Queue | Villager (Male) |
| 18:49 | Queue | Archer |
| 18:53 | Build | Blacksmith |
| 18:56 | Queue | Villager (Male) |
| 18:58 | Build | Farm |
| 19:18 | Research | Fletching |
| 19:18 | Research | Fletching |
| 19:20 | Queue | Villager (Male) |
| 19:20 | Queue | Villager (Male) |
| 19:23 | Build | Farm |
| 19:25 | Build | Farm |
| 19:26 | Build | Farm |
| 19:56 | Queue | Villager (Male) |
| 19:56 | Queue | Villager (Male) |
| 20:03 | Queue | Archer |
| 20:19 | Build | Watch Tower |
| 20:36 | Queue | Villager (Male) |
| 20:38 | Build | Farm |
| 20:39 | Build | Farm |
| 20:40 | Build | Farm |
| 20:48 | Build | Stone Wall |
Build order — ClearDistortion
86 actions detected in the replay
| 0:01 | Research | Loom |
| 0:07 | Queue | Villager (Male) |
| 0:07 | Queue | Villager (Male) |
| 0:07 | Queue | Villager (Male) |
| 0:10 | Queue | Villager (Male) |
| 0:10 | Queue | Villager (Male) |
| 0:10 | Queue | Villager (Male) |
| 0:11 | Queue | Villager (Male) |
| 0:58 | Build | House |
| 1:25 | Build | Palisade Wall |
| 1:29 | Build | Palisade Wall |
| 3:22 | Build | Palisade Wall |
| 3:23 | Build | Palisade Wall |
| 3:43 | Build | Palisade Wall |
| 4:45 | Queue | Villager (Male) |
| 4:46 | Queue | Villager (Male) |
| 5:07 | Build | Palisade Wall |
| 5:12 | Build | Palisade Wall |
| 5:12 | Build | Palisade Wall |
| 5:13 | Build | Palisade Wall |
| 5:13 | Build | Palisade Wall |
| 5:36 | Queue | Villager (Male) |
| 5:36 | Queue | Villager (Male) |
| 6:50 | Queue | Villager (Male) |
| 6:50 | Queue | Villager (Male) |
| 7:12 | Build | Palisade Wall |
| 7:16 | Build | Palisade Wall |
| 7:17 | Build | Palisade Wall |
| 7:19 | Build | Palisade Wall |
| 7:25 | Queue | Villager (Male) |
| 7:25 | Queue | Villager (Male) |
| 7:57 | Queue | Villager (Male) |
| 7:57 | Queue | Villager (Male) |
| 7:57 | Queue | Villager (Male) |
| 7:57 | Queue | Villager (Male) |
| 8:01 | Build | House |
| 8:30 | Build | Mill |
| 8:42 | Queue | Villager (Male) |
| 9:10 | Build | House |
| 9:24 | Queue | Villager (Male) |
| 9:34 | Queue | Villager (Male) |
| 9:50 | Build | Lumber Camp |
| 9:56 | Build | Lumber Camp |
| 10:22 | Queue | Villager (Male) |
| 10:22 | Queue | Villager (Male) |
| 10:38 | Queue | Villager (Male) |
| 11:34 | Queue | Villager (Male) |
| 11:35 | Queue | Villager (Male) |
| 12:10 | Queue | Villager (Male) |
| 12:11 | Queue | Villager (Male) |
| 12:15 | Build | House |
| 12:25 | Build | Mill |
| 12:34 | Build | Mill |
| 13:00 | Queue | Villager (Male) |
| 13:01 | Queue | Villager (Male) |
| 13:01 | Queue | Villager (Male) |
| 13:01 | Queue | Villager (Male) |
| 13:01 | Queue | Villager (Male) |
| 13:52 | Queue | Villager (Male) |
| 13:53 | Queue | Villager (Male) |
| 14:21 | Build | Palisade Wall |
| 14:31 | Queue | Villager (Male) |
| 14:39 | Research | Feudal Age |
| 14:51 | Build | Mining Camp |
| 15:46 | Queue | Villager (Male) |
| 16:13 | Build | Palisade Wall |
| 16:18 | Build | Palisade Wall |
| 16:39 | Build | House |
| 16:43 | Age | Feudal Age |
| 16:47 | Build | Market |
| 17:15 | Build | Palisade Wall |
| 17:29 | Build | Blacksmith |
| 17:36 | Queue | Villager (Male) |
| 18:07 | Research | Castle Age |
| 18:07 | Research | Castle Age |
| 18:14 | Build | Palisade Wall |
| 18:33 | Build | Mining Camp |
| 18:53 | Build | Palisade Wall |
| 18:56 | Build | Stone Wall |
| 19:05 | Build | Gate |
| 19:18 | Build | Mining Camp |
| 19:27 | Build | Stone Wall |
| 19:40 | Build | Gate |
| 19:43 | Build | Gate |
| 20:32 | Age | Castle Age |
| 20:35 | Build | Watch Tower |
Match timeline
| 1:25 | ClearDistortion · wall_segment Palisade Wall x8 |
| 1:29 | ClearDistortion · wall_segment Palisade Wall x4 |
| 1:34 | maxymczech · wall_segment Palisade Wall x9 |
| 3:21 | maxymczech · wall_segment Palisade Wall x9 |
| 3:22 | ClearDistortion · wall_segment Palisade Wall x1 |
| 3:23 | ClearDistortion · wall_segment Palisade Wall x1 |
| 3:39 | maxymczech · wall_segment Palisade Wall x5 |
| 3:43 | ClearDistortion · wall_segment Palisade Wall x1 |
| 5:07 | ClearDistortion · wall_segment Palisade Wall x1 |
| 5:12 | ClearDistortion · wall_segment Palisade Wall x1 |
| 5:12 | ClearDistortion · wall_segment Palisade Wall x1 |
| 5:13 | ClearDistortion · wall_segment Palisade Wall x1 |
| 5:13 | ClearDistortion · wall_segment Palisade Wall x1 |
| 7:12 | ClearDistortion · wall_segment Palisade Wall x1 |
| 7:14 | maxymczech · wall_segment Palisade Wall x7 |
| 7:16 | ClearDistortion · wall_segment Palisade Wall x1 |
| 7:17 | ClearDistortion · wall_segment Palisade Wall x1 |
| 7:19 | ClearDistortion · wall_segment Palisade Wall x1 |
| 7:32 | maxymczech · wall_segment Palisade Wall x7 |
| 9:53 | maxymczech · wall_segment Palisade Wall x1 |
| 10:08 | maxymczech · wall_segment Palisade Wall x1 |
| 12:42 | maxymczech · wall_segment Palisade Wall x1 |
| 13:27 | maxymczech · first_building Barracks |
| 13:46 | maxymczech · age_up feudal |
| 14:21 | ClearDistortion · wall_segment Palisade Wall x13 |
| 14:51 | maxymczech · wall_segment Palisade Wall x1 |
| 14:53 | maxymczech · wall_segment Palisade Wall x1 |
| 14:55 | maxymczech · wall_segment Palisade Wall x1 |
| 15:49 | maxymczech · wall_segment Palisade Wall x3 |
| 16:05 | maxymczech · wall_segment Palisade Wall x1 |
| 16:13 | ClearDistortion · wall_segment Palisade Wall x13 |
| 16:14 | maxymczech · wall_segment Palisade Wall x5 |
| 16:18 | ClearDistortion · wall_segment Palisade Wall x6 |
| 16:34 | maxymczech · wall_segment Palisade Wall x1 |
| 16:42 | maxymczech · first_building Archery Range |
| 16:43 | ClearDistortion · age_up feudal |
| 17:15 | ClearDistortion · wall_segment Palisade Wall x1 |
| 18:14 | ClearDistortion · wall_segment Palisade Wall x14 |
| 18:53 | ClearDistortion · wall_segment Palisade Wall x1 |
| 18:56 | ClearDistortion · wall_segment Stone Wall x1 |
| 19:27 | ClearDistortion · wall_segment Stone Wall x1 |
| 20:32 | ClearDistortion · age_up castle |
| 20:48 | maxymczech · wall_segment Stone Wall x9 |
| 20:55 | ClearDistortion · resign |
[ AI ANALYSIS · 1 CREDIT ]
What really happened in this match?
Wolo.gg analyzes every decision: build order, eco, micro, common mistakes by bracket. Personalized analysis on WhatsApp or Discord in 30 seconds.
Civ guide
Spanish
Perfil
Jugador #5813618